 Dungeon Crawl Stone Soup version 0.18.1-8-gdd0e5ea (webtiles) character file.

571 protoss039 the Ducker (level 7, -1/81 HPs)
             Began as a Demonspawn Berserker on June 10, 2016.
             Was an Elder of Trog.
             Killed by divine providence
             ... invoked by an orc priest
              (15 damage)
             ... on level 6 of the Dungeon.
             The game lasted 00:13:09 (4632 turns).

protoss039 the Ducker (Demonspawn Berserker)        Turns: 4632, Time: 00:13:10

Health: -1/81      AC:  7    Str: 29    XL:     7   Next: 12%
Magic:  7/7        EV: 14    Int:  8    God:    Trog [****..]
Gold:   355        SH:  0    Dex: 13    Spells: 0 memorised, 6 levels left

rFire  . . .     SeeInvis .       - Unarmed
rCold  . . .     Gourm    .     D - +2 robe {MR+}
rNeg   . . .     Faith    .     (no shield)
rPois  +         Spirit   .     p - +1 helmet
rElec  .         Dismiss  .     (no cloak)
rCorr  .         Reflect  .     A - +0 pair of gloves
SustAt .         Harm     .     (no boots)
MR     +....                    (no amulet)
Stlth  ..........               g - +5 ring of strength
                                o - ring of poison resistance

@: berserking, very quick, somewhat resistant to hostile enchantments, extremely
unstealthy
A: claws 2, nightstalker 1, spiny 1
a: Berserk, Trog's Hand, Brothers in Arms, Burn Spellbooks, Renounce Religion


You were on level 6 of the Dungeon.
You worshipped Trog.
Trog was greatly pleased with you.
You were not hungry.

You visited 1 branch of the dungeon, and saw 6 of its levels.

You collected 355 gold pieces.

Inventory:

Hand Weapons
 s - a cursed -2 battleaxe
Missiles
 e - 42 poisoned needles
Armour
 p - a +1 helmet (worn)
 w - a +0 plate armour
 A - a +0 pair of gloves (worn)
 D - a +2 robe of magic resistance (worn)
Jewellery
 g - a +5 ring of strength (right hand)
 o - a ring of poison resistance (left hand)
Wands
 y - a wand of enslavement (8/24)
 B - a wand of flame (22/48)
Scrolls
 h - a scroll of fog {unknown}
 n - a scroll of recharging {unknown}
 q - 2 scrolls of fear {unknown}
 r - 4 scrolls of identify
 t - 3 scrolls of amnesia {unknown}
 u - a scroll of remove curse
 C - a scroll of immolation {unknown}
 F - a scroll of blinking {unknown}
Potions
 b - a potion of curing {unknown}
 i - a potion of berserk rage {unknown}
 j - 2 potions of mutation {unknown}
 k - a potion of invisibility {unknown}
 m - a potion of magic {unknown}
 x - 2 potions of degeneration {unknown}
 z - a potion of lignification {unknown}
 E - a potion of heal wounds {unknown}
 H - a potion of haste {unknown}
Books
 a - a book of Battle

   Spells                             Type                      Level
   a - Infusion                       Charms                       1
   b - Shroud of Golubria             Charms/Translocation         2
   c - Song of Slaying                Charms                       2
   d - Spectral Weapon                Hexes/Charms                 3
   e - Regeneration                   Charms/Necromancy            3
   Trog disapproves of the use of such an item.
Comestibles
 c - 2 bread rations
 d - a royal jelly
 f - 10 fruits
 l - 2 meat rations
 v - a beef jerky
 G - 2 chunks of flesh


   Skills:
 + Level 4.0 Fighting
 - Level 4.0 Axes
 - Level 2.4 Armour
 * Level 4.2 Dodging
 * Level 2.5 Stealth
 * Level 2.4 Unarmed Combat


You had 6 spell levels left.
You didn't know any spells.

Dungeon Overview and Level Annotations

Branches:
Dungeon (6/15)             Temple (0/1) D:5

Altars:
Cheibriados
Okawaru
Ru
Trog
Xom


Innate Abilities, Weirdness & Mutations

You have very sharp fingernails.
You are slightly more attuned to the shadows.
You are partially covered in sharp spines.


Message History

The orc priest is almost dead.
The orc priest is struck by your spines.
You kill the orc priest!
Trog accepts your kill.
Unknown command.
Unknown command.
You hit the orc.
The orc is heavily wounded.
Unknown command.
Unknown command.
You punch the orc!
You kill the orc!
Trog accepts your kill.
Unknown command.
Unknown command.
You punch the orc priest!
The orc priest is heavily wounded.
The orc priest invokes the aid of Beogh against you.
Beogh smites you!
You die...

###......#
#....#.##.##
...........#
#.....#.#..#
#....###...#####
#.#......).....#
#....#.#.#.###.#
###....##.###
#..@.......
###o####.##
#.....# .#
#.....# ?#
#.....# #.....#
#.....# #######


You could see an orc priest.

Vanquished Creatures
  An ogre (D:5)
  A giant frog (D:6)
  A howler monkey (D:6)
  2 orc priests
  An orc wizard (D:5)
  4 worker ants
  Robin (D:2)
  7 adders
  An ooze (D:1)
  2 worms (D:3)
  5 dart slugs
  2 giant geckos (D:3)
  6 orcs
  12 bats
  8 giant cockroaches
  22 goblins
  10 hobgoblins
  3 jackals (D:3)
  A quokka (D:5)
  A ball python (D:1)
  4 giant newts
  8 kobolds
  7 rats
110 creatures vanquished.

Notes
Turn   | Place    | Note
--------------------------------------------------------------
     0 | D:1      | protoss039 the Demonspawn Berserker began the quest for the Orb.
     0 | D:1      | Reached XP level 1. HP: 18/18 MP: 1/1
   371 | D:1      | Gained mutation: You are partially covered in sharp spines. [demonic ancestry]
   371 | D:1      | Reached XP level 2. HP: 16/24 MP: 2/2
   701 | D:1      | Reached XP level 3. HP: 29/29 MP: 3/3
   776 | D:1      | Reached ** piety under Trog
  1169 | D:2      | Found a sacrificial altar of Ru.
  1171 | D:2      | Found a shimmering altar of Xom.
  1182 | D:2      | Found a snail-covered altar of Cheibriados.
  1186 | D:2      | Found a bloodstained altar of Trog.
  1199 | D:2      | Found an iron altar of Okawaru.
  1492 | D:2      | Noticed Robin
  1496 | D:2      | Reached XP level 4. HP: 35/35 MP: 4/4
  1503 | D:2      | Killed Robin
  1503 | D:2      | Reached skill level 1 in Stealth
  1579 | D:2      | Reached *** piety under Trog
  2323 | D:3      | Gained mutation: You have sharp fingernails. [demonic ancestry]
  2323 | D:3      | Reached XP level 5. HP: 42/42 MP: 5/5
  3058 | D:4      | Reached **** piety under Trog
  3384 | D:5      | Entered Level 5 of the Dungeon
  3474 | D:5      | Found a staircase to the Ecumenical Temple.
  3857 | D:5      | Reached skill level 1 in Unarmed Combat
  3857 | D:5      | Gained mutation: You are slightly more attuned to the shadows. [demonic ancestry]
  3857 | D:5      | Reached XP level 6. HP: 28/48 MP: 6/6
  4628 | D:6      | Gained mutation: You have very sharp fingernails. [demonic ancestry]
  4628 | D:6      | Reached XP level 7. HP: 13/54 MP: 7/7
  4632 | D:6      | Killed from afar by an orc priest

Skill      XL: |  1  2  3  4  5  6 |
---------------+-------------------+-----
Axes           | 3 4 |  4.0
Dodging        | 2 3 4 |  4.2
Armour         | 2 |  2.4
Stealth        | 1 2 |  2.5
Unarmed Combat | 1 2 |  2.4
Fighting       | 4 |  4.0

Action                   |  1- 3 |  4- 6 |  7- 9 || total
-------------------------+-------+-------+-------++-------
Melee: Hand axe          |    60 |    39 |       ||    99
       Unarmed           |       |    96 |     4 ||   100
Invok: Berserk           |     1 |     1 |       ||     2
  Use: Scroll            |     2 |       |       ||     2
 Stab: Sleeping          |     1 |     6 |       ||     7
       Distracted        |       |     1 |       ||     1
  Eat: Chunk             |     2 |    11 |       ||    13
Armor: Animal skin       |    10 |     6 |       ||    16
       Plate armour      |       |    27 |       ||    27
       Robe              |       |     7 |       ||     7
Dodge: Dodged            |    43 |    58 |       ||   101
